 Dungeon Crawl Stone Soup version 0.24.0-125-gc4c63601f3 (webtiles) character file.

Game seed: 7973876836884893239, levelgen mode: deterministic

396 Curus the Spear-Bearer (level 6, -4/44 HPs)
             Began as a Merfolk Gladiator on Mar 8, 2020.
             Slain by an ice beast (11 damage)
             ... on level 5 of the Dungeon.
             The game lasted 00:17:07 (4570 turns).

Curus the Spear-Bearer (Merfolk Gladiator)          Turns: 4570, Time: 00:17:08

Health: -4/44      AC:  4    Str: 14    XL:     6   Next: 82%
Magic:  15/15      EV: 13    Int:  8    God:
Gold:   202        SH:  0    Dex: 17    Spells: 5/5 levels left

rFire    . . .     SeeInvis .   a - +0 trident
rCold    . . .     Gourm    .   (no shield)
rNeg     . . .     Faith    .   b - +0 leather armour
rPois    .         Spirit   .   c - +0 helmet
rElec    .         Reflect  .   (no cloak)
rCorr    .         Harm     .   (no gloves)
MR       .....                  (no boots)
Stlth    +.........             j - amulet of rage
HPRegen  0.14/turn              i - ring of magical power
MPRegen  0.14/turn              (no ring)

@: lightly drained
A: change form in water, swift swim, stealthy swim
a: Evoke Berserk Rage


You were on level 5 of the Dungeon.
You were hungry.

You visited 1 branch of the dungeon, and saw 5 of its levels.

You collected 202 gold pieces.

Inventory:

Hand Weapons
 a - a +0 trident (weapon)
Missiles
 d - a throwing net (quivered)
Armour
 b - a +0 leather armour (worn)
 c - a +0 helmet (worn)
Jewellery
 i - a ring of magical power (left hand)
 j - an amulet of rage (around neck)
 m - an uncursed ring of attention
Wands
 o - a wand of paralysis (9)
 p - a wand of clouds (8)
Scrolls
 e - 8 scrolls of teleportation
 g - 4 scrolls of identify
 h - 2 scrolls of fear
 k - 2 scrolls of remove curse
Potions
 l - 2 potions of brilliance
 n - a potion of heal wounds
Comestibles
 f - 8 rations


   Skills:
 - Level 2.1(1.8) Fighting
 + Level 10.6(10.1) Polearms
 - Level 2.0(1.6) Throwing
 - Level 4.0(3.6) Dodging


You had 5 spell levels left.
You didn't know any spells.
Your spell library was empty.

Dungeon Overview and Level Annotations

Branches:
Dungeon (5/15)
 Temple: D:4-7

Altars:
Nemelex Xobeh

Annotations:
D:5 1 runed translucent door, LraC's ghost, novice HaHu


Message History

Throwing (i - inventory)
d - 2 throwing nets (quivered)
Press: ? - help, Shift-Dir - straight line, f/p - ice beast
Aim: an ice beast (severely wounded)
You throw a throwing net.
The throwing net closely misses the ice beast.
The ice beast hits you but does no damage.
You closely miss the ice beast.
The ice beast is severely wounded.
The ice beast hits you but does no damage.
You completely miss the ice beast.
The ice beast is severely wounded.
You hit the ice beast.
The ice beast is almost dead.
The ice beast hits you but does no damage.
You closely miss the ice beast.
The ice beast is almost dead.
The ice beast hits you.
* * * LOW HITPOINT WARNING * * *
The ice beast freezes you!
You die...

#####
.#.##.....##..##.####
##.. ..##.[.##.........#
##..
...##W##...........'.#...
#..###..##.##.#####.##..
#......###.##.# #...
#.............# ##<.
#.....####.##.# ###
#.............#
#####..@Y.....(
#.####..#.. #.# # #.# #.#
#.# #.# #..


You could see an ice beast.

Vanquished Creatures
  A bullfrog (D:4)
  A scorpion (D:4)
  2 wights (D:5)
  A centaur skeleton (D:3)
  An orc priest (D:5)
  Terence (D:2)
  A worker ant (D:4)
  4 adders
  A dart slug (D:4)
  4 leopard geckos
  5 orcs
  4 giant cockroaches
  4 hobgoblins
  2 jackals (D:2)
  A quokka (D:5)
  3 ball pythons
  A bat (D:1)
  8 frilled lizards
  5 goblins
  6 kobolds
  A quokka zombie (D:5)
  2 rats
59 creatures vanquished.

Notes
Turn   | Place    | Note
-------+----------+-------------------------------------------
     0 | D:1      | Curus the Merfolk Gladiator began the quest for the Orb.
     0 | D:1      | Reached XP level 1. HP: 16/16 MP: 1/1
   191 | D:1      | Reached skill level 5 in Polearms
   200 | D:1      | Reached XP level 2. HP: 22/22 MP: 2/2
   626 | D:2      | Reached skill level 6 in Polearms
   626 | D:2      | Reached XP level 3. HP: 19/27 MP: 3/3
   657 | D:2      | HP: 1/27 [poisoned by an adder]
  1016 | D:2      | Found a sparkling altar of Nemelex Xobeh.
  1120 | D:2      | Noticed Terence
  1138 | D:2      | Killed Terence
  1138 | D:2      | Reached skill level 7 in Polearms
  1138 | D:2      | Reached XP level 4. HP: 5/33 MP: 4/4
  1985 | D:3      | Reached skill level 8 in Polearms
  2024 | D:3      | Reached XP level 5. HP: 38/38 MP: 5/5
  2761 | D:4      | Reached skill level 9 in Polearms
  2793 | D:4      | Reached XP level 6. HP: 21/44 MP: 6/6
  3586 | D:5      | Entered Level 5 of the Dungeon
  3615 | D:5      | Reached skill level 10 in Polearms
  4356 | D:5      | Found a runed translucent door.
  4356 | D:5      | Noticed LraC's ghost (novice HaHu)
  4547 | D:5      | Noticed an ice beast
  4570 | D:5      | Slain by an ice beast

Levels and vault maps discovered:
D:1:      matt_arrival_refuge, layout_basic
D:2:      minmay_evil_eye, layout_basic, nemelex_altar_shiori,
          hangedman_decor_points, minmay_box_of_dots, uniq_terence
D:3:      layout_loops_ring, first_ration, chequers_avenue
D:4:      layout_basic
D:5:      cheibrodos_quashed, layout_basic, gammafunk_temple_overflow_elements,
          hellmonk_ghost_happy_afterlife, uniq_ijyb, uniq_grinder,
          uniq_blork_the_orc

Skill      XL: |  1  2  3  4  5  6 |
---------------+-------------------+-----
Polearms       | 5 6 7 8 9 10 | 10.6
Fighting       | |  2.1
Throwing       | |  2.0
Dodging        | |  4.0

Action                   |  1- 3 |  4- 6 || total
-------------------------+-------+-------++-------
Melee: Trident           |    83 |   169 ||   252
Throw: Throwing net      |     3 |     1 ||     4
  Use: Scroll            |     3 |     4 ||     7
       Potion            |     3 |     5 ||     8
 Stab: Sleeping          |     2 |       ||     2
       Held in net/web   |     1 |       ||     1
  Eat: Chunk             |       |     4 ||     4
       Ration            |       |     2 ||     2
Armor: Leather armour    |    12 |    20 ||    32
Dodge: Dodged            |    43 |    75 ||   118
